[ AOE2 MATCH · #479031246 ]
UnrankedVikings vs Poles
[ REPLAY ANALYSIS · EXTRACTED FROM THE RECORDED GAME ]
Feudal
9:51
Castle
23:31
Imperial
—
| APM avg | 35.0 |
| APM peak | 73 |
| eAPM avg | 19.6 |
| Villagers / military | 105 / 100 |
Focus
⚔️ 37.2% · 🌾 62.8%
Archer ×99 · Fishing Ship ×15 · Spearman ×1
Feudal
9:25
Castle
21:37
Imperial
43:49
| APM avg | 68.3 |
| APM peak | 134 |
| eAPM avg | 23.7 |
| Villagers / military | 105 / 159 |
Focus
⚔️ 48.5% · 🌾 51.5%
Knight ×113 · Tarkan ×30 · Fishing Ship ×24 · Scout Cavalry ×16
Feudal
9:57
Castle
24:09
Imperial
41:42
| APM avg | 40.4 |
| APM peak | 96 |
| eAPM avg | 17.5 |
| Villagers / military | 104 / 163 |
Focus
⚔️ 48.5% · 🌾 51.5%
Knight ×121 · Scout Cavalry ×39 · Fishing Ship ×15 · Spearman ×3
Feudal
9:49
Castle
24:25
Imperial
—
| APM avg | 42.7 |
| APM peak | 94 |
| eAPM avg | 17.6 |
| Villagers / military | 99 / 33 |
Focus
⚔️ 43.8% · 🌾 56.2%
Unknown (1944) ×142 · Fishing Ship ×24 · Scout Cavalry ×18 · Skirmisher ×10 · Spearman ×5
Feudal
10:01
Castle
19:33
Imperial
34:04
| APM avg | 41.8 |
| APM peak | 74 |
| eAPM avg | 20.7 |
| Villagers / military | 127 / 249 |
Focus
⚔️ 53.0% · 🌾 47.0%
Archer ×240 · Fishing Ship ×21 · Battering Ram ×8 · Transport Ship ×1
Feudal
9:49
Castle
24:07
Imperial
—
| APM avg | 56.1 |
| APM peak | 97 |
| eAPM avg | 18.4 |
| Villagers / military | 111 / 118 |
Focus
⚔️ 32.6% · 🌾 67.4%
Knight ×83 · Scout Cavalry ×35 · Fishing Ship ×26
Feudal
10:00
Castle
23:12
Imperial
41:08
| APM avg | 36.5 |
| APM peak | 71 |
| eAPM avg | 15.5 |
| Villagers / military | 104 / 140 |
Focus
⚔️ 33.9% · 🌾 66.1%
Archer ×132 · Fishing Ship ×13 · Battering Ram ×4 · Mangonel ×2 · Spearman ×2
Feudal
10:11
Castle
20:16
Imperial
38:07
| APM avg | 41.5 |
| APM peak | 97 |
| eAPM avg | 18.8 |
| Villagers / military | 117 / 98 |
Focus
⚔️ 48.6% · 🌾 51.4%
Archer ×84 · Fishing Ship ×14 · Trebuchet (Packed) ×5 · Monk ×4 · Mangonel ×3 · Galley ×1
Match map
Initial resources + every placement click. Lines = walls · curves = elevation contours. ◆ gold · ⬟ stone · ● berries · ✦ relic · ◌ wall gap
Your base· Open — 4t gap
Chaos's base· ✓ Closed at 21:37 · 43t walls · no gate
Plan B's base· Open — 7t gap
dst's base· ✓ Closed at 24:25 · 14t walls · 3 gate(s)
mystic's base· Open — unwalled flank
_SuLTaN_'s base· ✓ Closed at 24:07 · 18t walls · no gate
__wArDadDy's base· Open — unwalled flank
Fore_Ruthless's base· ✓ Closed at 20:16 · 31t walls · no gate
Smoothed initial terrain · ◌ = detected wall gap · hover for details
Inputs per minute
— FraGStaR - - Chaos
Build order — FraGStaR
First 150 of 297 actions detected
| 0:01 | Create | Villager (Male) |
| 0:02 | Create | Villager (Male) |
| 0:02 | Create | Villager (Male) |
| 0:02 | Create | Villager (Male) |
| 0:02 | Create | Villager (Male) |
| 0:04 | Build | House |
| 0:08 | Build | House |
| 1:39 | Create | Villager (Male) |
| 1:39 | Create | Villager (Male) |
| 2:10 | Create | Villager (Male) |
| 2:10 | Create | Villager (Male) |
| 2:31 | Create | Villager (Male) |
| 2:31 | Create | Villager (Male) |
| 2:40 | Build | Lumber Camp |
| 2:41 | Create | Villager (Male) |
| 2:41 | Create | Villager (Male) |
| 3:05 | Create | Villager (Male) |
| 3:05 | Create | Villager (Male) |
| 3:06 | Create | Villager (Male) |
| 3:33 | Build | House |
| 3:43 | Create | Villager (Male) |
| 3:43 | Create | Villager (Male) |
| 3:59 | Research | Loom |
| 4:24 | Create | Villager (Male) |
| 4:25 | Create | Villager (Male) |
| 4:53 | Create | Villager (Male) |
| 5:47 | Create | Villager (Male) |
| 6:16 | Build | House |
| 6:23 | Create | Villager (Male) |
| 6:39 | Create | Villager (Male) |
| 6:55 | Build | Mining Camp |
| 7:00 | Create | Villager (Male) |
| 7:36 | Create | Villager (Male) |
| 7:41 | Research | Feudal Age |
| 8:38 | Build | Barracks |
| 9:32 | Build | Dock |
| 9:37 | Build | House |
| 9:47 | Build | Palisade Wall |
| 9:51 | Age | Feudal Age |
| 9:52 | Create | Villager (Male) |
| 9:55 | Research | Double-Bit Axe |
| 10:00 | Create | Spearman |
| 10:09 | Build | Archery Range |
| 10:14 | Build | Palisade Wall |
| 10:17 | Build | Palisade Wall |
| 10:29 | Build | Palisade Wall |
| 10:40 | Create | Villager (Male) |
| 10:40 | Create | Villager (Male) |
| 10:52 | Build | Archery Range |
| 11:07 | Build | Palisade Wall |
| 11:08 | Build | Palisade Wall |
| 11:09 | Build | Palisade Wall |
| 11:21 | Create | Archer |
| 11:21 | Create | Archer |
| 11:32 | Create | Villager (Male) |
| 11:40 | Create | Fishing Ship |
| 11:57 | Create | Archer |
| 11:57 | Create | Archer |
| 12:10 | Create | Archer |
| 12:10 | Create | Archer |
| 12:18 | Build | Blacksmith |
| 12:23 | Create | Villager (Male) |
| 12:25 | Create | Archer |
| 12:51 | Build | House |
| 12:53 | Build | Palisade Wall |
| 12:55 | Create | Archer |
| 12:56 | Create | Archer |
| 12:57 | Create | Archer |
| 13:02 | Create | Archer |
| 13:08 | Create | Villager (Male) |
| 13:27 | Create | Fishing Ship |
| 13:28 | Create | Fishing Ship |
| 13:31 | Research | Fletching |
| 13:32 | Create | Archer |
| 13:54 | Build | House |
| 13:56 | Build | House |
| 14:48 | Create | Archer |
| 14:48 | Create | Archer |
| 14:48 | Create | Archer |
| 14:56 | Create | Archer |
| 14:56 | Create | Archer |
| 14:57 | Create | Villager (Male) |
| 15:01 | Build | House |
| 15:06 | Build | Palisade Wall |
| 15:07 | Create | Villager (Male) |
| 15:10 | Build | Mill |
| 15:16 | Create | Archer |
| 15:20 | Research | Padded Archer Armor |
| 15:24 | Create | Fishing Ship |
| 15:25 | Create | Fishing Ship |
| 15:33 | Create | Fishing Ship |
| 16:07 | Create | Archer |
| 16:07 | Create | Archer |
| 16:08 | Create | Villager (Male) |
| 16:09 | Create | Villager (Male) |
| 16:09 | Create | Villager (Male) |
| 16:28 | Build | House |
| 16:30 | Build | House |
| 16:36 | Create | Archer |
| 16:36 | Create | Archer |
| 16:37 | Create | Villager (Male) |
| 16:46 | Create | Fishing Ship |
| 16:46 | Create | Fishing Ship |
| 16:49 | Research | Tech 906 |
| 17:30 | Create | Archer |
| 17:30 | Create | Archer |
| 17:31 | Create | Villager (Male) |
| 17:32 | Create | Villager (Male) |
| 17:37 | Build | House |
| 18:01 | Create | Archer |
| 18:01 | Create | Archer |
| 18:08 | Build | House |
| 18:11 | Create | Archer |
| 18:15 | Create | Villager (Male) |
| 18:15 | Create | Villager (Male) |
| 18:59 | Build | Archery Range |
| 19:02 | Create | Archer |
| 19:02 | Create | Archer |
| 19:04 | Create | Archer |
| 19:12 | Build | Mining Camp |
| 19:19 | Create | Fishing Ship |
| 19:19 | Create | Fishing Ship |
| 19:36 | Create | Fishing Ship |
| 19:36 | Create | Fishing Ship |
| 19:43 | Create | Villager (Male) |
| 20:01 | Create | Archer |
| 20:01 | Create | Archer |
| 20:26 | Create | Archer |
| 20:26 | Create | Archer |
| 20:28 | Create | Archer |
| 20:51 | Research | Castle Age |
| 20:56 | Build | Watch Tower |
| 22:05 | Build | Lumber Camp |
| 22:28 | Build | Palisade Wall |
| 22:29 | Build | Palisade Wall |
| 22:32 | Build | Palisade Wall |
| 22:42 | Build | Mining Camp |
| 23:27 | Build | Watch Tower |
| 23:31 | Age | Castle Age |
| 25:02 | Research | Crossbowman (upgrade) |
| 25:20 | Build | Town Center |
| 25:24 | Research | Bodkin Arrow |
| 25:24 | Research | Bodkin Arrow |
| 25:26 | Create | Villager (Male) |
| 25:26 | Create | Villager (Male) |
| 25:27 | Create | Villager (Male) |
| 25:38 | Create | Archer |
| 25:38 | Create | Archer |
| 26:29 | Create | Villager (Male) |
| 26:29 | Create | Villager (Male) |
Build order — Chaos
First 150 of 409 actions detected
| 0:00 | Create | Villager (Male) |
| 0:01 | Create | Villager (Male) |
| 0:01 | Create | Villager (Male) |
| 0:11 | Create | Villager (Male) |
| 1:12 | Create | Villager (Male) |
| 1:12 | Create | Villager (Male) |
| 1:25 | Build | Lumber Camp |
| 1:47 | Create | Villager (Male) |
| 2:13 | Create | Villager (Male) |
| 2:45 | Create | Villager (Male) |
| 2:56 | Create | Villager (Male) |
| 3:30 | Create | Villager (Male) |
| 3:57 | Create | Villager (Male) |
| 4:22 | Create | Villager (Male) |
| 4:25 | Create | Villager (Male) |
| 4:30 | Build | Dock |
| 4:57 | Build | Palisade Wall |
| 4:58 | Build | Palisade Wall |
| 5:05 | Create | Villager (Male) |
| 5:23 | Create | Villager (Male) |
| 5:28 | Create | Fishing Ship |
| 5:28 | Create | Fishing Ship |
| 6:12 | Create | Villager (Male) |
| 6:31 | Research | Loom |
| 7:08 | Build | Mill |
| 7:15 | Research | Feudal Age |
| 7:59 | Build | Palisade Wall |
| 8:05 | Build | Palisade Wall |
| 8:29 | Build | Barracks |
| 9:04 | Create | Villager (Male) |
| 9:25 | Age | Feudal Age |
| 9:27 | Create | Villager (Male) |
| 9:30 | Build | Stable |
| 9:32 | Build | Palisade Wall |
| 9:41 | Create | Fishing Ship |
| 10:02 | Research | Horse Collar |
| 10:12 | Build | Palisade Wall |
| 10:13 | Create | Scout Cavalry |
| 10:13 | Create | Scout Cavalry |
| 10:13 | Create | Scout Cavalry |
| 10:23 | Create | Villager (Male) |
| 10:32 | Create | Fishing Ship |
| 10:40 | Create | Villager (Male) |
| 10:48 | Build | Palisade Wall |
| 10:50 | Build | Palisade Wall |
| 11:03 | Create | Villager (Male) |
| 11:16 | Create | Scout Cavalry |
| 11:23 | Build | Palisade Wall |
| 11:26 | Create | Fishing Ship |
| 11:28 | Create | Villager (Male) |
| 11:53 | Create | Villager (Male) |
| 11:57 | Build | Farm |
| 11:59 | Build | Farm |
| 12:02 | Build | Palisade Wall |
| 12:12 | Create | Villager (Male) |
| 12:28 | Create | Villager (Male) |
| 12:33 | Create | Scout Cavalry |
| 12:40 | Build | Farm |
| 12:50 | Create | Villager (Male) |
| 12:52 | Build | Farm |
| 12:59 | Build | Mining Camp |
| 13:14 | Create | Villager (Male) |
| 13:18 | Research | Double-Bit Axe |
| 13:21 | Build | Palisade Wall |
| 13:24 | Build | Palisade Wall |
| 13:53 | Create | Fishing Ship |
| 13:57 | Create | Villager (Male) |
| 14:25 | Create | Scout Cavalry |
| 14:40 | Create | Scout Cavalry |
| 14:50 | Create | Scout Cavalry |
| 14:56 | Create | Scout Cavalry |
| 14:56 | Create | Villager (Male) |
| 14:57 | Create | Villager (Male) |
| 15:00 | Create | Fishing Ship |
| 15:00 | Create | Fishing Ship |
| 15:02 | Research | Tech 906 |
| 15:18 | Build | Blacksmith |
| 15:27 | Create | Scout Cavalry |
| 15:39 | Research | Wheelbarrow |
| 15:51 | Create | Scout Cavalry |
| 16:05 | Create | Scout Cavalry |
| 16:06 | Create | Scout Cavalry |
| 16:10 | Build | Stable |
| 16:21 | Build | Lumber Camp |
| 16:30 | Research | Forging |
| 16:36 | Research | Scale Barding Armor |
| 16:42 | Create | Fishing Ship |
| 17:14 | Create | Scout Cavalry |
| 17:15 | Create | Scout Cavalry |
| 17:15 | Create | Scout Cavalry |
| 17:32 | Create | Villager (Male) |
| 17:34 | Create | Fishing Ship |
| 17:34 | Create | Fishing Ship |
| 17:39 | Build | Farm |
| 17:40 | Build | Farm |
| 17:48 | Create | Villager (Male) |
| 18:12 | Build | Market |
| 18:33 | Create | Fishing Ship |
| 18:43 | Build | Lumber Camp |
| 18:57 | Research | Castle Age |
| 19:01 | Build | Stable |
| 19:08 | Build | Farm |
| 19:12 | Research | Forging |
| 19:23 | Build | Palisade Wall |
| 20:23 | Build | Dock |
| 20:28 | Research | Bloodlines |
| 21:33 | Create | Villager (Male) |
| 21:37 | Age | Castle Age |
| 21:45 | Create | Knight |
| 21:45 | Create | Knight |
| 21:45 | Create | Knight |
| 21:45 | Create | Knight |
| 21:46 | Create | Knight |
| 21:46 | Create | Knight |
| 21:50 | Create | Villager (Male) |
| 21:55 | Create | Knight |
| 22:00 | Research | Chain Barding Armor |
| 22:10 | Create | Villager (Male) |
| 22:18 | Create | Fishing Ship |
| 22:18 | Create | Fishing Ship |
| 22:18 | Create | Fishing Ship |
| 22:36 | Build | Farm |
| 22:41 | Build | Farm |
| 22:42 | Build | Farm |
| 22:45 | Build | Palisade Wall |
| 22:48 | Build | Farm |
| 22:50 | Create | Knight |
| 22:50 | Create | Knight |
| 22:51 | Create | Knight |
| 22:51 | Create | Knight |
| 23:08 | Create | Knight |
| 23:11 | Create | Villager (Male) |
| 23:11 | Create | Villager (Male) |
| 23:11 | Create | Villager (Male) |
| 23:27 | Create | Knight |
| 23:33 | Create | Fishing Ship |
| 23:33 | Create | Fishing Ship |
| 23:33 | Create | Fishing Ship |
| 23:45 | Create | Knight |
| 23:46 | Create | Knight |
| 24:01 | Create | Knight |
| 24:02 | Create | Villager (Male) |
| 24:05 | Build | Farm |
| 24:06 | Build | Farm |
| 24:23 | Create | Villager (Male) |
| 24:25 | Create | Villager (Male) |
| 24:39 | Build | Town Center |
| 24:46 | Create | Villager (Male) |
| 24:48 | Create | Knight |
| 25:00 | Create | Knight |
Build order — Plan B
First 150 of 278 actions detected
| 0:02 | Create | Villager (Male) ×4 |
| 0:04 | Build | House |
| 0:06 | Build | House |
| 1:15 | Create | Villager (Male) |
| 1:15 | Create | Villager (Male) |
| 1:53 | Create | Villager (Male) |
| 1:55 | Build | Lumber Camp |
| 2:29 | Create | Villager (Male) |
| 2:30 | Create | Villager (Male) |
| 2:30 | Create | Villager (Male) |
| 3:20 | Create | Villager (Male) |
| 3:21 | Create | Villager (Male) |
| 3:21 | Create | Villager (Male) |
| 3:57 | Build | House |
| 4:05 | Create | Villager (Male) |
| 4:06 | Create | Villager (Male) |
| 4:18 | Create | Villager (Male) |
| 4:54 | Create | Villager (Male) |
| 5:21 | Build | Dock |
| 5:25 | Build | Palisade Wall |
| 5:27 | Build | Palisade Wall |
| 5:36 | Create | Villager (Male) |
| 5:36 | Create | Villager (Male) |
| 5:36 | Create | Villager (Male) |
| 5:41 | Build | House |
| 6:01 | Create | Villager (Male) |
| 6:02 | Create | Villager (Male) |
| 6:17 | Create | Fishing Ship |
| 6:18 | Create | Fishing Ship |
| 6:18 | Create | Fishing Ship |
| 6:40 | Build | Palisade Wall |
| 6:49 | Create | Villager (Male) |
| 7:09 | Create | Fishing Ship |
| 7:13 | Build | House |
| 7:30 | Create | Fishing Ship |
| 7:47 | Research | Feudal Age |
| 7:48 | Research | Feudal Age |
| 8:02 | Create | Fishing Ship |
| 8:38 | Research | Loom |
| 8:39 | Create | Villager (Male) |
| 8:39 | Create | Villager (Male) |
| 9:09 | Build | Barracks |
| 9:25 | Build | House |
| 9:57 | Age | Feudal Age |
| 10:01 | Build | Stable |
| 10:46 | Create | Scout Cavalry |
| 10:47 | Create | Scout Cavalry |
| 10:51 | Build | Stable |
| 10:52 | Research | Double-Bit Axe |
| 11:02 | Build | House |
| 11:09 | Create | Fishing Ship |
| 11:10 | Create | Fishing Ship |
| 11:20 | Create | Villager (Male) |
| 11:20 | Create | Villager (Male) |
| 11:35 | Create | Scout Cavalry |
| 11:35 | Create | Scout Cavalry |
| 11:42 | Build | Palisade Wall |
| 11:46 | Build | Palisade Wall |
| 11:51 | Create | Villager (Male) |
| 11:52 | Create | Scout Cavalry |
| 12:01 | Create | Scout Cavalry |
| 12:05 | Build | House |
| 12:07 | Build | House |
| 12:18 | Create | Fishing Ship |
| 12:19 | Create | Fishing Ship |
| 12:30 | Create | Villager (Male) |
| 12:35 | Build | Mill |
| 12:40 | Create | Villager (Male) |
| 12:43 | Build | Palisade Wall |
| 12:45 | Build | Palisade Wall |
| 13:02 | Create | Scout Cavalry |
| 13:02 | Create | Scout Cavalry |
| 13:07 | Create | Villager (Male) |
| 13:17 | Research | Horse Collar |
| 13:19 | Create | Villager (Male) |
| 13:51 | Create | Scout Cavalry |
| 13:58 | Build | Farm |
| 13:59 | Create | Villager (Male) |
| 14:06 | Build | House |
| 14:14 | Create | Scout Cavalry |
| 14:15 | Create | Scout Cavalry |
| 14:49 | Create | Scout Cavalry |
| 14:49 | Create | Scout Cavalry |
| 15:05 | Create | Scout Cavalry |
| 15:06 | Create | Scout Cavalry |
| 15:10 | Build | Farm |
| 15:12 | Build | Farm |
| 15:16 | Build | House |
| 15:19 | Build | Palisade Wall |
| 15:29 | Build | Farm |
| 15:32 | Create | Villager (Male) |
| 15:32 | Create | Villager (Male) |
| 15:35 | Create | Scout Cavalry |
| 15:35 | Create | Scout Cavalry |
| 15:36 | Create | Scout Cavalry |
| 15:40 | Create | Fishing Ship ×5 |
| 15:56 | Create | Villager (Male) |
| 16:09 | Build | Farm |
| 16:14 | Build | House |
| 16:16 | Build | House |
| 16:18 | Build | Palisade Wall |
| 16:20 | Build | House |
| 16:25 | Create | Spearman |
| 16:25 | Create | Spearman |
| 16:25 | Create | Spearman |
| 16:30 | Build | Farm |
| 16:32 | Create | Villager (Male) |
| 16:38 | Create | Scout Cavalry |
| 16:38 | Create | Scout Cavalry |
| 16:38 | Create | Scout Cavalry |
| 16:52 | Build | Farm |
| 16:53 | Create | Villager (Male) |
| 17:01 | Build | House |
| 17:41 | Create | Scout Cavalry |
| 17:41 | Create | Scout Cavalry |
| 17:42 | Create | Scout Cavalry |
| 17:42 | Create | Scout Cavalry |
| 17:51 | Build | Farm |
| 17:52 | Build | Farm |
| 17:53 | Create | Villager (Male) |
| 17:53 | Create | Villager (Male) |
| 18:36 | Build | Mining Camp |
| 18:37 | Create | Villager (Male) |
| 19:03 | Build | House |
| 19:06 | Build | House |
| 19:08 | Build | Palisade Wall |
| 19:10 | Build | House |
| 19:22 | Build | Farm |
| 19:22 | Build | Farm |
| 19:22 | Build | Farm |
| 19:22 | Build | Farm |
| 19:23 | Build | Farm |
| 19:23 | Build | Farm |
| 19:24 | Build | Farm |
| 19:25 | Create | Villager (Male) |
| 19:27 | Create | Villager (Male) |
| 19:28 | Create | Villager (Male) |
| 19:29 | Create | Villager (Male) |
| 20:22 | Build | Blacksmith |
| 20:29 | Build | Farm |
| 21:29 | Research | Castle Age |
| 21:35 | Build | Stable |
| 21:38 | Build | Farm |
| 21:40 | Research | Gold Mining |
| 21:42 | Research | Forging |
| 22:07 | Build | House |
| 22:13 | Research | Bloodlines |
| 22:15 | Create | Scout Cavalry ×5 |
| 22:48 | Build | House |
| 23:16 | Create | Scout Cavalry |
Build order — dst
First 150 of 318 actions detected
| 0:01 | Create | Villager (Male) ×4 |
| 0:02 | Create | Villager (Male) ×4 |
| 0:03 | Build | House |
| 0:05 | Build | House |
| 1:41 | Create | Villager (Male) |
| 1:41 | Create | Villager (Male) |
| 1:44 | Build | Lumber Camp |
| 1:59 | Create | Villager (Male) |
| 1:59 | Create | Villager (Male) |
| 2:17 | Create | Villager (Male) |
| 2:17 | Create | Villager (Male) |
| 2:56 | Create | Villager (Male) |
| 2:56 | Create | Villager (Male) |
| 3:15 | Create | Villager (Male) |
| 3:15 | Create | Villager (Male) |
| 3:15 | Create | Villager (Male) |
| 3:31 | Create | Villager (Male) |
| 3:31 | Create | Villager (Male) |
| 3:59 | Build | House |
| 4:05 | Create | Villager (Male) |
| 4:06 | Create | Villager (Male) |
| 4:06 | Create | Villager (Male) |
| 4:17 | Build | Dock |
| 4:43 | Create | Villager (Male) |
| 4:43 | Create | Villager (Male) |
| 5:22 | Create | Villager (Male) |
| 5:22 | Create | Villager (Male) |
| 5:25 | Create | Fishing Ship |
| 5:26 | Create | Fishing Ship |
| 5:31 | Build | House |
| 5:41 | Create | Villager (Male) |
| 6:16 | Build | Mining Camp |
| 6:18 | Create | Villager (Male) |
| 6:27 | Research | Loom |
| 6:31 | Create | Fishing Ship |
| 6:37 | Build | Palisade Wall |
| 6:39 | Build | Palisade Wall |
| 7:39 | Research | Feudal Age |
| 8:00 | Create | Villager (Male) |
| 8:00 | Create | Villager (Male) |
| 8:25 | Build | Barracks |
| 8:42 | Create | Fishing Ship |
| 9:06 | Create | Fishing Ship |
| 9:07 | Create | Villager (Male) |
| 9:42 | Build | House |
| 9:49 | Age | Feudal Age |
| 9:51 | Build | Stable |
| 10:05 | Research | Double-Bit Axe |
| 10:08 | Create | Fishing Ship |
| 10:16 | Build | House |
| 10:19 | Build | House |
| 10:34 | Create | Scout Cavalry |
| 10:34 | Create | Scout Cavalry |
| 10:46 | Build | House |
| 10:52 | Build | Palisade Gate |
| 10:54 | Create | Villager (Male) |
| 10:55 | Create | Scout Cavalry |
| 11:18 | Create | Villager (Male) |
| 11:23 | Create | Fishing Ship |
| 11:24 | Create | Villager (Male) |
| 11:29 | Build | Stable |
| 11:37 | Build | Palisade Wall |
| 11:42 | Build | Palisade Wall |
| 11:43 | Create | Scout Cavalry |
| 11:44 | Create | Villager (Male) |
| 11:56 | Create | Scout Cavalry |
| 11:57 | Create | Spearman |
| 12:20 | Create | Villager (Male) |
| 12:23 | Create | Scout Cavalry |
| 12:39 | Create | Villager (Male) |
| 12:50 | Create | Fishing Ship |
| 13:15 | Create | Villager (Male) |
| 13:16 | Create | Scout Cavalry |
| 13:16 | Create | Scout Cavalry |
| 13:22 | Create | Spearman |
| 13:22 | Create | Spearman |
| 13:34 | Create | Spearman |
| 13:54 | Build | Palisade Gate |
| 13:58 | Create | Spearman |
| 14:08 | Build | Palisade Gate |
| 14:13 | Create | Scout Cavalry |
| 14:13 | Create | Scout Cavalry |
| 14:14 | Create | Villager (Male) |
| 14:40 | Build | House |
| 14:41 | Build | House |
| 14:42 | Build | House |
| 14:45 | Build | House |
| 14:50 | Create | Villager (Male) |
| 14:57 | Build | House |
| 15:16 | Create | Villager (Male) |
| 15:31 | Create | Villager (Male) |
| 15:38 | Build | Mill |
| 15:45 | Create | Fishing Ship |
| 15:46 | Create | Fishing Ship |
| 15:51 | Build | Dock |
| 16:00 | Create | Villager (Male) |
| 16:04 | Build | Mining Camp |
| 16:29 | Create | Villager (Male) |
| 16:41 | Create | Scout Cavalry |
| 16:41 | Create | Scout Cavalry |
| 16:58 | Build | Blacksmith |
| 17:28 | Create | Villager (Male) |
| 17:31 | Research | Scale Barding Armor |
| 17:56 | Research | Forging |
| 18:27 | Create | Villager (Male) |
| 18:28 | Create | Scout Cavalry |
| 18:28 | Create | Scout Cavalry |
| 18:30 | Create | Villager (Male) |
| 18:35 | Build | Farm |
| 18:36 | Build | Farm |
| 18:36 | Build | Farm |
| 18:36 | Build | Farm |
| 18:36 | Build | Farm |
| 18:37 | Build | Farm |
| 19:13 | Create | Scout Cavalry |
| 19:15 | Create | Scout Cavalry |
| 19:36 | Create | Villager (Male) |
| 19:49 | Create | Scout Cavalry |
| 19:50 | Create | Scout Cavalry |
| 20:12 | Build | House |
| 20:15 | Build | House |
| 20:20 | Build | House |
| 20:22 | Build | Palisade Wall |
| 20:40 | Create | Fishing Ship |
| 20:40 | Create | Fishing Ship |
| 20:40 | Create | Fishing Ship |
| 20:51 | Build | Market |
| 21:33 | Create | Fishing Ship |
| 21:34 | Create | Fishing Ship |
| 21:45 | Research | Castle Age |
| 21:46 | Research | Castle Age |
| 22:24 | Research | Gold Mining |
| 22:25 | Research | Horse Collar |
| 22:27 | Create | Fishing Ship |
| 22:27 | Create | Fishing Ship |
| 23:31 | Build | Stable |
| 23:46 | Create | Fishing Ship |
| 23:46 | Create | Fishing Ship |
| 23:51 | Build | House |
| 23:54 | Build | House |
| 23:55 | Build | House |
| 24:16 | Create | Villager (Male) |
| 24:16 | Create | Villager (Male) |
| 24:23 | Create | Fishing Ship |
| 24:23 | Create | Fishing Ship |
| 24:25 | Age | Castle Age |
| 24:29 | Create | Unit 1944 ×5 |
| 24:29 | Create | Unit 1944 ×5 |
| 24:29 | Create | Unit 1944 ×3 |
| 24:45 | Research | Chain Barding Armor |
Build order — mystic
First 150 of 550 actions detected
| 0:01 | Create | Villager (Male) |
| 0:01 | Create | Villager (Male) |
| 0:01 | Create | Villager (Male) |
| 0:02 | Build | House |
| 0:04 | Build | House |
| 0:14 | Create | Villager (Male) |
| 0:59 | Build | Lumber Camp |
| 1:40 | Create | Villager (Male) |
| 1:40 | Create | Villager (Male) |
| 2:06 | Create | Villager (Male) |
| 2:06 | Create | Villager (Male) |
| 2:29 | Create | Villager (Male) |
| 2:29 | Create | Villager (Male) |
| 3:00 | Create | Villager (Male) |
| 3:00 | Create | Villager (Male) |
| 3:22 | Build | House |
| 3:27 | Create | Villager (Male) |
| 3:28 | Create | Villager (Male) |
| 3:48 | Build | Dock |
| 3:55 | Create | Villager (Male) |
| 3:55 | Create | Villager (Male) |
| 3:55 | Create | Villager (Male) |
| 4:02 | Build | Palisade Wall |
| 4:08 | Build | Palisade Wall |
| 4:28 | Create | Villager (Male) |
| 4:28 | Create | Villager (Male) |
| 4:38 | Create | Fishing Ship |
| 4:39 | Create | Fishing Ship |
| 4:52 | Create | Villager (Male) |
| 4:53 | Create | Villager (Male) |
| 4:59 | Create | Fishing Ship |
| 5:12 | Create | Villager (Male) |
| 5:27 | Build | House |
| 5:31 | Create | Villager (Male) |
| 5:31 | Create | Villager (Male) |
| 5:31 | Create | Villager (Male) |
| 5:49 | Create | Villager (Male) |
| 5:49 | Create | Villager (Male) |
| 6:03 | Create | Fishing Ship |
| 6:04 | Create | Fishing Ship |
| 6:32 | Build | House |
| 6:45 | Create | Fishing Ship |
| 7:01 | Create | Villager (Male) |
| 7:02 | Create | Villager (Male) |
| 7:21 | Research | Loom |
| 7:21 | Research | Loom |
| 7:34 | Build | Mining Camp |
| 7:51 | Research | Feudal Age |
| 8:03 | Build | Palisade Wall |
| 8:12 | Create | Fishing Ship |
| 9:08 | Build | House |
| 9:14 | Create | Fishing Ship |
| 9:35 | Create | Villager (Male) |
| 9:38 | Create | Fishing Ship |
| 9:52 | Build | Palisade Wall |
| 10:01 | Age | Feudal Age |
| 10:06 | Build | Archery Range |
| 10:08 | Build | Archery Range |
| 10:19 | Create | Villager (Male) |
| 10:25 | Research | Double-Bit Axe |
| 10:37 | Create | Villager (Male) |
| 10:53 | Create | Fishing Ship |
| 10:59 | Create | Villager (Male) |
| 11:02 | Build | House |
| 11:03 | Create | Archer |
| 11:04 | Create | Archer |
| 11:12 | Build | House |
| 11:18 | Create | Archer |
| 11:19 | Create | Archer |
| 11:19 | Create | Archer |
| 11:37 | Create | Archer |
| 11:40 | Build | House |
| 11:47 | Create | Villager (Male) |
| 11:58 | Build | Blacksmith |
| 12:02 | Create | Villager (Male) |
| 12:06 | Create | Archer |
| 12:27 | Create | Archer |
| 12:28 | Create | Villager (Male) |
| 12:37 | Create | Archer |
| 12:38 | Create | Fishing Ship |
| 12:38 | Create | Fishing Ship |
| 12:48 | Create | Archer |
| 12:48 | Create | Archer |
| 12:50 | Create | Villager (Male) |
| 13:00 | Build | House |
| 13:01 | Create | Archer |
| 13:05 | Create | Villager (Male) |
| 13:11 | Create | Fishing Ship |
| 13:22 | Research | Fletching |
| 13:26 | Build | House |
| 13:32 | Create | Archer |
| 13:32 | Create | Archer |
| 13:34 | Research | Padded Archer Armor |
| 13:35 | Research | Padded Archer Armor |
| 13:37 | Create | Villager (Male) |
| 13:40 | Build | House |
| 13:47 | Create | Archer |
| 13:47 | Create | Archer |
| 13:53 | Create | Fishing Ship |
| 13:56 | Create | Villager (Male) |
| 14:00 | Build | House |
| 14:06 | Build | Palisade Gate |
| 14:13 | Create | Archer |
| 14:13 | Create | Archer |
| 14:28 | Create | Archer |
| 14:29 | Create | Archer |
| 14:29 | Create | Archer |
| 14:45 | Create | Villager (Male) |
| 14:47 | Build | House |
| 15:05 | Create | Archer |
| 15:05 | Create | Archer |
| 15:06 | Create | Archer |
| 15:12 | Create | Villager (Male) |
| 15:23 | Build | House |
| 15:31 | Create | Archer |
| 15:32 | Create | Villager (Male) |
| 15:43 | Build | Palisade Wall |
| 15:48 | Create | Archer |
| 15:50 | Create | Archer |
| 15:51 | Create | Villager (Male) |
| 15:54 | Build | House |
| 16:00 | Create | Archer |
| 16:00 | Create | Archer |
| 16:10 | Create | Villager (Male) |
| 16:36 | Build | Dock |
| 16:45 | Research | Castle Age |
| 16:45 | Research | Castle Age |
| 16:49 | Build | Archery Range |
| 16:51 | Create | Archer |
| 16:51 | Create | Archer |
| 16:51 | Create | Archer |
| 17:21 | Create | Archer |
| 17:22 | Create | Archer |
| 17:22 | Create | Archer |
| 17:31 | Build | House |
| 17:35 | Create | Archer |
| 17:40 | Create | Villager (Male) |
| 17:49 | Build | Mining Camp |
| 18:03 | Build | Mining Camp |
| 18:06 | Create | Archer |
| 18:07 | Create | Archer |
| 18:15 | Create | Fishing Ship |
| 18:16 | Build | House |
| 18:19 | Create | Archer |
| 18:26 | Build | House |
| 18:28 | Build | Palisade Wall |
| 18:33 | Create | Archer |
| 18:33 | Create | Archer |
| 18:37 | Research | Gold Mining |
| 18:37 | Research | Gold Mining |
Build order — _SuLTaN_
First 150 of 369 actions detected
| 0:02 | Create | Villager (Male) |
| 0:02 | Create | Villager (Male) |
| 0:02 | Create | Villager (Male) |
| 0:03 | Build | House |
| 0:04 | Build | House |
| 0:19 | Create | Villager (Male) |
| 0:19 | Create | Villager (Male) |
| 1:24 | Build | Lumber Camp |
| 1:30 | Create | Villager (Male) |
| 1:30 | Create | Villager (Male) |
| 2:09 | Create | Villager (Male) |
| 2:09 | Create | Villager (Male) |
| 2:31 | Create | Villager (Male) |
| 2:31 | Create | Villager (Male) |
| 3:00 | Create | Villager (Male) |
| 3:00 | Create | Villager (Male) |
| 3:21 | Create | Villager (Male) |
| 3:21 | Create | Villager (Male) |
| 3:47 | Create | Villager (Male) |
| 4:12 | Create | Villager (Male) |
| 4:12 | Create | Villager (Male) |
| 4:19 | Build | Dock |
| 4:23 | Build | House |
| 4:35 | Create | Villager (Male) |
| 4:35 | Create | Villager (Male) |
| 4:53 | Create | Villager (Male) |
| 4:54 | Create | Villager (Male) |
| 4:57 | Create | Fishing Ship |
| 5:01 | Build | Palisade Wall |
| 5:11 | Build | House |
| 5:18 | Build | Palisade Wall |
| 5:20 | Build | Palisade Wall |
| 5:25 | Create | Villager (Male) |
| 5:25 | Create | Villager (Male) |
| 5:31 | Create | Fishing Ship |
| 5:50 | Create | Villager (Male) |
| 5:50 | Create | Villager (Male) |
| 6:11 | Create | Fishing Ship |
| 6:14 | Create | Villager (Male) |
| 6:26 | Build | House |
| 6:56 | Create | Fishing Ship |
| 6:56 | Create | Fishing Ship |
| 7:00 | Create | Villager (Male) |
| 7:09 | Research | Loom |
| 7:39 | Research | Feudal Age |
| 7:39 | Research | Feudal Age |
| 8:36 | Build | Barracks |
| 8:50 | Create | Villager (Male) |
| 8:51 | Create | Villager (Male) |
| 9:49 | Age | Feudal Age |
| 9:50 | Build | Stable |
| 9:59 | Build | Stable |
| 10:03 | Create | Villager (Male) |
| 10:10 | Research | Double-Bit Axe |
| 10:35 | Build | Blacksmith |
| 10:41 | Create | Scout Cavalry |
| 10:41 | Create | Scout Cavalry |
| 10:51 | Build | House |
| 10:52 | Create | Scout Cavalry |
| 11:00 | Create | Villager (Male) |
| 11:03 | Build | Mill |
| 11:11 | Create | Scout Cavalry |
| 11:17 | Build | House |
| 11:28 | Create | Villager (Male) |
| 11:31 | Build | House |
| 11:32 | Build | Palisade Wall |
| 11:35 | Create | Scout Cavalry |
| 11:44 | Create | Scout Cavalry |
| 11:53 | Build | Mining Camp |
| 11:56 | Build | House |
| 12:01 | Create | Fishing Ship |
| 12:27 | Build | Farm |
| 12:28 | Build | Farm |
| 12:29 | Build | Farm |
| 12:33 | Create | Scout Cavalry |
| 12:44 | Build | House |
| 12:55 | Create | Villager (Male) |
| 12:57 | Build | Farm |
| 12:58 | Create | Fishing Ship |
| 12:58 | Create | Fishing Ship |
| 13:15 | Create | Villager (Male) |
| 13:16 | Build | Farm |
| 13:33 | Build | House |
| 13:35 | Build | Palisade Wall |
| 13:45 | Build | Farm |
| 13:47 | Create | Fishing Ship |
| 13:52 | Build | Dock |
| 13:59 | Build | Farm |
| 14:02 | Create | Scout Cavalry |
| 14:02 | Create | Scout Cavalry |
| 14:21 | Create | Villager (Male) |
| 14:23 | Build | Farm |
| 14:26 | Build | Farm |
| 14:37 | Create | Fishing Ship |
| 14:38 | Create | Fishing Ship |
| 14:40 | Build | House |
| 14:49 | Create | Scout Cavalry |
| 14:57 | Build | Palisade Wall |
| 15:07 | Create | Villager (Male) |
| 15:09 | Build | Farm |
| 15:10 | Create | Fishing Ship |
| 15:14 | Build | House |
| 15:21 | Create | Scout Cavalry |
| 15:21 | Create | Scout Cavalry |
| 15:30 | Build | Farm |
| 15:49 | Build | Farm |
| 15:56 | Research | Forging |
| 15:56 | Research | Forging |
| 16:10 | Build | Lumber Camp |
| 16:14 | Create | Villager (Male) |
| 16:16 | Create | Scout Cavalry |
| 16:16 | Create | Scout Cavalry |
| 16:32 | Create | Scout Cavalry |
| 16:32 | Create | Scout Cavalry |
| 16:36 | Build | House |
| 16:37 | Create | Fishing Ship |
| 16:38 | Create | Fishing Ship |
| 16:53 | Build | Palisade Wall |
| 17:10 | Create | Scout Cavalry |
| 17:11 | Research | Bloodlines |
| 17:15 | Build | Farm |
| 17:25 | Create | Villager (Male) |
| 17:27 | Create | Fishing Ship |
| 17:27 | Create | Fishing Ship |
| 17:34 | Create | Villager (Male) |
| 17:51 | Create | Villager (Male) |
| 17:52 | Create | Scout Cavalry |
| 17:52 | Create | Scout Cavalry |
| 18:02 | Create | Villager (Male) |
| 18:05 | Build | Farm |
| 18:10 | Create | Scout Cavalry |
| 18:34 | Create | Scout Cavalry |
| 18:34 | Create | Scout Cavalry |
| 18:54 | Create | Villager (Male) |
| 19:05 | Create | Scout Cavalry |
| 19:05 | Create | Scout Cavalry |
| 19:08 | Create | Villager (Male) |
| 19:10 | Create | Fishing Ship |
| 19:10 | Create | Fishing Ship |
| 19:10 | Create | Fishing Ship |
| 19:10 | Create | Fishing Ship |
| 19:17 | Build | Dock |
| 19:17 | Create | Villager (Male) |
| 19:28 | Build | House |
| 19:29 | Create | Scout Cavalry |
| 19:29 | Create | Scout Cavalry |
| 19:39 | Create | Villager (Male) |
| 19:40 | Build | Farm |
| 19:41 | Build | Farm |
| 20:02 | Create | Scout Cavalry |
Build order — __wArDadDy
First 150 of 246 actions detected
| 0:02 | Create | Villager (Male) ×4 |
| 0:02 | Create | Villager (Male) ×4 |
| 0:04 | Build | House |
| 0:05 | Build | House |
| 1:26 | Create | Villager (Male) |
| 1:27 | Create | Villager (Male) |
| 2:10 | Build | Settlement |
| 2:13 | Create | Villager (Male) |
| 2:13 | Create | Villager (Male) |
| 2:18 | Create | Villager (Male) |
| 2:18 | Create | Villager (Male) |
| 2:48 | Create | Villager (Male) |
| 2:49 | Create | Villager (Male) |
| 3:19 | Create | Villager (Male) |
| 3:46 | Create | Villager (Male) |
| 4:08 | Create | Villager (Male) |
| 4:16 | Research | Loom |
| 4:45 | Create | Villager (Male) |
| 4:45 | Create | Villager (Male) |
| 4:46 | Create | Villager (Male) |
| 4:59 | Build | Dock |
| 5:19 | Create | Villager (Male) |
| 5:25 | Build | Palisade Wall |
| 5:44 | Create | Villager (Male) |
| 5:58 | Create | Villager (Male) |
| 6:08 | Create | Villager (Male) |
| 6:12 | Create | Fishing Ship |
| 6:39 | Create | Fishing Ship |
| 6:43 | Create | Fishing Ship |
| 7:16 | Create | Villager (Male) |
| 7:50 | Research | Feudal Age |
| 8:32 | Build | Barracks |
| 9:36 | Create | Villager (Male) |
| 10:00 | Age | Feudal Age |
| 10:03 | Build | Archery Range |
| 10:07 | Build | Archery Range |
| 10:08 | Create | Spearman |
| 10:10 | Create | Villager (Male) |
| 10:19 | Research | Double-Bit Axe |
| 10:40 | Build | House |
| 10:42 | Build | Palisade Wall |
| 10:42 | Build | Palisade Wall |
| 10:55 | Create | Villager (Male) |
| 10:55 | Create | Villager (Male) |
| 11:04 | Build | Palisade Wall |
| 11:08 | Create | Archer |
| 11:10 | Create | Archer |
| 11:16 | Build | Blacksmith |
| 11:22 | Create | Villager (Male) |
| 11:33 | Create | Archer |
| 11:42 | Build | Palisade Wall |
| 11:49 | Create | Archer |
| 11:49 | Create | Archer |
| 11:51 | Create | Villager (Male) |
| 11:58 | Create | Fishing Ship |
| 12:25 | Build | House |
| 12:28 | Build | House |
| 12:39 | Create | Archer |
| 12:40 | Create | Archer |
| 12:43 | Create | Villager (Male) |
| 13:02 | Research | Fletching |
| 13:26 | Create | Archer |
| 13:29 | Create | Villager (Male) |
| 13:46 | Create | Archer |
| 13:58 | Build | Settlement |
| 13:59 | Create | Villager (Male) |
| 13:59 | Create | Villager (Male) |
| 14:02 | Create | Archer |
| 14:05 | Create | Villager (Male) |
| 14:26 | Build | House |
| 14:28 | Build | House |
| 14:33 | Create | Archer |
| 14:34 | Create | Archer |
| 14:40 | Build | House |
| 14:43 | Build | House |
| 14:50 | Create | Villager (Male) |
| 15:03 | Build | Settlement |
| 15:06 | Create | Archer ×2 |
| 15:07 | Create | Archer ×2 |
| 15:09 | Create | Villager (Male) |
| 15:27 | Build | Dock |
| 15:42 | Build | House |
| 15:43 | Build | House |
| 15:48 | Create | Archer |
| 16:07 | Create | Villager (Male) |
| 16:22 | Create | Villager (Male) |
| 16:39 | Build | Market |
| 16:40 | Build | Palisade Wall |
| 16:47 | Create | Fishing Ship |
| 16:57 | Research | Padded Archer Armor |
| 17:01 | Create | Villager (Male) |
| 17:13 | Create | Archer ×4 |
| 17:15 | Create | Villager (Male) |
| 17:32 | Create | Archer ×2 |
| 18:04 | Create | Villager (Male) |
| 18:09 | Create | Fishing Ship |
| 18:12 | Create | Fishing Ship |
| 18:12 | Create | Fishing Ship |
| 18:21 | Build | House |
| 18:23 | Build | Palisade Wall |
| 18:36 | Create | Archer |
| 18:37 | Create | Archer |
| 18:57 | Build | Archery Range |
| 19:20 | Create | Archer |
| 19:21 | Create | Villager (Male) |
| 20:11 | Build | House |
| 20:13 | Build | House |
| 20:26 | Build | Watch Tower |
| 20:32 | Research | Castle Age |
| 20:36 | Build | House |
| 21:08 | Create | Villager (Male) |
| 21:11 | Create | Archer ×5 |
| 21:49 | Create | Archer ×5 |
| 22:00 | Build | Archery Range |
| 22:08 | Build | House |
| 22:10 | Build | House |
| 22:42 | Create | Archer ×5 |
| 23:12 | Age | Castle Age |
| 23:25 | Research | Bodkin Arrow |
| 23:26 | Research | Crossbowman (upgrade) |
| 24:12 | Create | Villager (Male) |
| 24:13 | Create | Villager (Male) |
| 24:16 | Build | Town Center |
| 24:33 | Build | University |
| 24:38 | Create | Archer ×5 |
| 24:39 | Create | Villager (Male) |
| 24:46 | Build | Settlement |
| 24:49 | Research | Horse Collar |
| 24:50 | Research | Bow Saw |
| 25:18 | Create | Archer |
| 25:24 | Research | Wheelbarrow |
| 26:09 | Create | Archer ×3 |
| 26:19 | Create | Spearman |
| 26:25 | Build | House |
| 26:26 | Build | Palisade Wall |
| 26:50 | Create | Villager (Male) |
| 26:51 | Create | Villager (Male) |
| 26:51 | Create | Villager (Male) |
| 26:52 | Create | Villager (Male) |
| 26:54 | Create | Villager (Male) |
| 26:54 | Create | Villager (Male) |
| 26:54 | Create | Villager (Male) |
| 27:04 | Build | Farm |
| 27:05 | Build | Farm |
| 27:05 | Build | Farm |
| 27:05 | Build | Farm |
| 27:05 | Build | Farm |
| 27:06 | Build | Farm |
| 27:07 | Create | Fishing Ship |
| 27:09 | Create | Fishing Ship |
Build order — Fore_Ruthless
First 150 of 356 actions detected
| 0:01 | Create | Villager (Male) |
| 0:02 | Create | Villager (Male) |
| 0:03 | Build | House |
| 0:05 | Build | House |
| 0:07 | Create | Villager (Male) |
| 0:08 | Create | Villager (Male) |
| 1:31 | Create | Villager (Male) |
| 1:31 | Create | Villager (Male) |
| 1:50 | Build | Lumber Camp |
| 1:56 | Create | Villager (Male) |
| 1:56 | Create | Villager (Male) |
| 2:11 | Create | Villager (Male) |
| 2:12 | Create | Villager (Male) |
| 2:39 | Create | Villager (Male) |
| 2:40 | Create | Villager (Male) |
| 3:08 | Create | Villager (Male) |
| 3:08 | Create | Villager (Male) |
| 3:26 | Create | Villager (Male) |
| 3:27 | Create | Villager (Male) |
| 4:02 | Build | House |
| 4:10 | Create | Villager (Male) |
| 4:10 | Create | Villager (Male) |
| 4:11 | Create | Villager (Male) |
| 4:34 | Create | Villager (Male) |
| 4:35 | Create | Villager (Male) |
| 4:45 | Build | Dock |
| 5:02 | Create | Villager (Male) |
| 5:02 | Create | Villager (Male) |
| 5:18 | Create | Villager (Male) |
| 5:23 | Build | House |
| 5:32 | Create | Villager (Male) |
| 5:40 | Create | Fishing Ship |
| 5:53 | Build | House |
| 6:13 | Create | Fishing Ship |
| 6:14 | Create | Villager (Male) |
| 6:15 | Create | Villager (Male) |
| 6:22 | Build | Palisade Wall |
| 6:26 | Build | Palisade Wall |
| 6:30 | Create | Fishing Ship |
| 6:55 | Build | Palisade Wall |
| 7:06 | Research | Loom |
| 7:08 | Create | Fishing Ship |
| 7:36 | Create | Villager (Male) |
| 7:42 | Research | Feudal Age |
| 7:59 | Build | Mining Camp |
| 8:59 | Build | Barracks |
| 10:11 | Age | Feudal Age |
| 10:13 | Build | Archery Range |
| 10:16 | Build | Archery Range |
| 10:20 | Create | Villager (Male) |
| 10:22 | Research | Double-Bit Axe |
| 10:24 | Create | Villager (Male) |
| 10:57 | Create | Villager (Male) |
| 11:04 | Build | Blacksmith |
| 11:18 | Create | Archer |
| 11:18 | Create | Archer |
| 11:29 | Create | Galley |
| 11:31 | Create | Villager (Male) |
| 11:37 | Create | Archer |
| 11:37 | Create | Archer |
| 11:44 | Build | House |
| 11:48 | Build | House |
| 11:54 | Build | House |
| 11:57 | Build | Palisade Wall |
| 12:01 | Create | Archer |
| 12:01 | Create | Archer |
| 12:03 | Create | Villager (Male) |
| 12:09 | Create | Villager (Male) |
| 12:15 | Research | Fletching |
| 12:34 | Build | Palisade Wall |
| 12:36 | Create | Fishing Ship |
| 12:37 | Create | Fishing Ship |
| 12:39 | Create | Archer |
| 12:40 | Create | Archer |
| 12:49 | Create | Villager (Male) |
| 12:51 | Create | Archer |
| 13:02 | Create | Villager (Male) |
| 13:08 | Create | Archer |
| 13:19 | Research | Padded Archer Armor |
| 13:31 | Create | Villager (Male) |
| 13:33 | Create | Fishing Ship |
| 13:34 | Create | Fishing Ship |
| 13:35 | Create | Archer |
| 13:35 | Create | Archer |
| 13:52 | Create | Villager (Male) |
| 13:53 | Create | Archer |
| 14:22 | Create | Archer |
| 14:23 | Create | Archer |
| 14:24 | Create | Villager (Male) |
| 14:28 | Build | House |
| 14:30 | Build | Palisade Wall |
| 14:39 | Create | Fishing Ship |
| 14:40 | Create | Villager (Male) |
| 14:54 | Create | Archer |
| 14:54 | Create | Archer |
| 14:56 | Create | Villager (Male) |
| 14:56 | Create | Villager (Male) |
| 15:14 | Create | Fishing Ship |
| 15:22 | Build | Mining Camp |
| 15:40 | Create | Archer |
| 15:50 | Build | House |
| 15:55 | Build | Mill |
| 16:03 | Create | Villager (Male) |
| 16:04 | Create | Archer |
| 16:21 | Research | Town Watch |
| 16:30 | Build | Market |
| 16:33 | Create | Archer |
| 16:54 | Create | Villager (Male) |
| 17:00 | Build | House |
| 17:01 | Build | House |
| 17:12 | Build | House |
| 17:36 | Research | Castle Age |
| 17:43 | Build | Lumber Camp |
| 17:46 | Build | House |
| 17:52 | Create | Archer |
| 17:52 | Create | Archer |
| 17:52 | Create | Archer |
| 18:13 | Build | Farm |
| 18:16 | Create | Fishing Ship |
| 18:17 | Create | Fishing Ship |
| 18:38 | Build | House |
| 18:54 | Build | House |
| 18:55 | Build | House |
| 19:29 | Create | Villager (Male) |
| 19:30 | Create | Archer |
| 19:31 | Create | Archer |
| 20:13 | Build | House |
| 20:16 | Age | Castle Age |
| 20:18 | Research | Crossbowman (upgrade) |
| 20:20 | Research | Bodkin Arrow |
| 20:36 | Build | University |
| 20:47 | Create | Villager (Male) |
| 20:49 | Create | Villager (Male) |
| 20:57 | Create | Fishing Ship |
| 20:57 | Create | Fishing Ship |
| 21:21 | Create | Villager (Male) |
| 21:26 | Create | Archer |
| 21:26 | Create | Archer |
| 21:29 | Research | Ballistics |
| 21:59 | Build | Town Center |
| 22:06 | Create | Archer |
| 22:06 | Create | Archer |
| 22:06 | Create | Archer |
| 22:07 | Create | Villager (Male) |
| 22:08 | Create | Villager (Male) |
| 22:28 | Build | House |
| 22:40 | Create | Villager (Male) |
| 22:40 | Create | Villager (Male) |
| 22:40 | Create | Villager (Male) |
| 22:41 | Create | Villager (Male) |
Match timeline
| 3:48 | mystic · first_building Dock |
| 4:02 | mystic · wall_segment Palisade Wall x1 |
| 4:08 | mystic · wall_segment Palisade Wall x1 |
| 4:17 | dst · first_building Dock |
| 4:19 | _SuLTaN_ · first_building Dock |
| 4:30 | Chaos · first_building Dock |
| 4:45 | Fore_Ruthless · first_building Dock |
| 4:57 | Chaos · wall_segment Palisade Wall x1 |
| 4:58 | Chaos · wall_segment Palisade Wall x1 |
| 4:59 | __wArDadDy · first_building Dock |
| 5:01 | _SuLTaN_ · wall_segment Palisade Wall x1 |
| 5:18 | _SuLTaN_ · wall_segment Palisade Wall x1 |
| 5:20 | _SuLTaN_ · wall_segment Palisade Wall x1 |
| 5:21 | Plan B · first_building Dock |
| 5:25 | Plan B · wall_segment Palisade Wall x1 |
| 5:25 | __wArDadDy · wall_segment Palisade Wall x1 |
| 5:27 | Plan B · wall_segment Palisade Wall x1 |
| 6:22 | Fore_Ruthless · wall_segment Palisade Wall x1 |
| 6:26 | Fore_Ruthless · wall_segment Palisade Wall x7 |
| 6:37 | dst · wall_segment Palisade Wall x1 |
| 6:39 | dst · wall_segment Palisade Wall x1 |
| 6:40 | Plan B · wall_segment Palisade Wall x1 |
| 6:55 | Fore_Ruthless · wall_segment Palisade Wall x5 |
| 7:59 | Chaos · wall_segment Palisade Wall x2 |
| 8:03 | mystic · wall_segment Palisade Wall x6 |
| 8:05 | Chaos · wall_segment Palisade Wall x1 |
| 8:25 | dst · first_building Barracks |
| 8:29 | Chaos · first_building Barracks |
| 8:32 | __wArDadDy · first_building Barracks |
| 8:36 | _SuLTaN_ · first_building Barracks |
| 8:38 | FraGStaR · first_building Barracks |
| 8:59 | Fore_Ruthless · first_building Barracks |
| 9:09 | Plan B · first_building Barracks |
| 9:25 | Chaos · age_up feudal |
| 9:30 | Chaos · first_building Stable |
| 9:32 | Chaos · wall_segment Palisade Wall x1 |
| 9:32 | FraGStaR · first_building Dock |
| 9:47 | FraGStaR · wall_segment Palisade Wall x6 |
| 9:49 | dst · age_up feudal |
| 9:49 | _SuLTaN_ · age_up feudal |
| 9:50 | _SuLTaN_ · first_building Stable |
| 9:51 | dst · first_building Stable |
| 9:51 | FraGStaR · age_up feudal |
| 9:52 | mystic · wall_segment Palisade Wall x9 |
| 9:57 | Plan B · age_up feudal |
| 10:00 | __wArDadDy · age_up feudal |
| 10:01 | Plan B · first_building Stable |
| 10:01 | mystic · age_up feudal |
| 10:03 | __wArDadDy · first_building Archery Range |
| 10:06 | mystic · first_building Archery Range |
| 10:09 | FraGStaR · first_building Archery Range |
| 10:11 | Fore_Ruthless · age_up feudal |
| 10:12 | Chaos · wall_segment Palisade Wall x5 |
| 10:13 | Fore_Ruthless · first_building Archery Range |
| 10:14 | FraGStaR · wall_segment Palisade Wall x1 |
| 10:17 | FraGStaR · wall_segment Palisade Wall x1 |
| 10:29 | FraGStaR · wall_segment Palisade Wall x1 |
| 10:42 | __wArDadDy · wall_segment Palisade Wall x3 |
| 10:42 | __wArDadDy · wall_segment Palisade Wall x1 |
| 10:48 | Chaos · wall_segment Palisade Wall x5 |
| 10:50 | Chaos · wall_segment Palisade Wall x6 |
| 11:04 | __wArDadDy · wall_segment Palisade Wall x1 |
| 11:07 | FraGStaR · wall_segment Palisade Wall x1 |
| 11:08 | FraGStaR · wall_segment Palisade Wall x1 |
| 11:09 | FraGStaR · wall_segment Palisade Wall x1 |
| 11:23 | Chaos · wall_segment Palisade Wall x6 |
| 11:32 | _SuLTaN_ · wall_segment Palisade Wall x1 |
| 11:37 | dst · wall_segment Palisade Wall x3 |
| 11:42 | Plan B · wall_segment Palisade Wall x18 |
| 11:42 | dst · wall_segment Palisade Wall x6 |
| 11:42 | __wArDadDy · wall_segment Palisade Wall x6 |
| 11:46 | Plan B · wall_segment Palisade Wall x6 |
| 11:57 | Fore_Ruthless · wall_segment Palisade Wall x6 |
| 12:02 | Chaos · wall_segment Palisade Wall x6 |
| 12:34 | Fore_Ruthless · wall_segment Palisade Wall x8 |
| 12:43 | Plan B · wall_segment Palisade Wall x4 |
| 12:45 | Plan B · wall_segment Palisade Wall x12 |
| 12:53 | FraGStaR · wall_segment Palisade Wall x6 |
| 13:21 | Chaos · wall_segment Palisade Wall x3 |
| 13:24 | Chaos · wall_segment Palisade Wall x5 |
| 13:35 | _SuLTaN_ · wall_segment Palisade Wall x6 |
| 14:30 | Fore_Ruthless · wall_segment Palisade Wall x4 |
| 14:57 | _SuLTaN_ · wall_segment Palisade Wall x5 |
| 15:06 | FraGStaR · wall_segment Palisade Wall x8 |
| 15:19 | Plan B · wall_segment Palisade Wall x13 |
| 15:43 | mystic · wall_segment Palisade Wall x3 |
| 16:18 | Plan B · wall_segment Palisade Wall x1 |
| 16:40 | __wArDadDy · wall_segment Palisade Wall x1 |
| 16:53 | _SuLTaN_ · wall_segment Palisade Wall x4 |
| 17:21 | Fore_Ruthless · first_market_buy 100 food |
| 17:24 | Fore_Ruthless · first_market_sell 100 stone |
| 18:23 | __wArDadDy · wall_segment Palisade Wall x3 |
| 18:28 | mystic · wall_segment Palisade Wall x2 |
| 18:56 | Chaos · first_market_buy 100 food |
| 19:08 | Plan B · wall_segment Palisade Wall x1 |
| 19:23 | Chaos · wall_segment Palisade Wall x1 |
| 19:33 | mystic · age_up castle |
| 20:16 | Fore_Ruthless · age_up castle |
| 20:22 | dst · wall_segment Palisade Wall x3 |
| 21:15 | __wArDadDy · first_market_buy 100 stone |
| 21:37 | Chaos · age_up castle |
| 21:44 | dst · first_market_buy 100 food |
| 22:28 | FraGStaR · wall_segment Palisade Wall x1 |
| 22:29 | FraGStaR · wall_segment Palisade Wall x1 |
| 22:32 | FraGStaR · wall_segment Palisade Wall x1 |
| 22:45 | Chaos · wall_segment Palisade Wall x1 |
| 23:12 | __wArDadDy · age_up castle |
| 23:31 | FraGStaR · age_up castle |
| 24:07 | _SuLTaN_ · age_up castle |
| 24:09 | Plan B · age_up castle |
| 24:25 | dst · age_up castle |
| 25:06 | Chaos · first_market_sell 500 wood |
| 26:26 | __wArDadDy · wall_segment Palisade Wall x1 |
| 28:08 | Chaos · first_building Monastery |
| 29:13 | dst · first_market_sell 100 wood |
| 29:59 | Fore_Ruthless · first_building Siege Workshop |
| 30:13 | Chaos · wall_segment Palisade Wall x1 |
| 30:32 | __wArDadDy · first_building Monastery |
| 31:00 | Fore_Ruthless · first_building Monastery |
| 31:03 | Chaos · wall_segment Palisade Wall x1 |
| 31:52 | __wArDadDy · first_building Siege Workshop |
| 32:02 | Plan B · wall_segment Palisade Wall x1 |
| 32:12 | Chaos · first_building Siege Workshop |
| 32:34 | __wArDadDy · first_market_sell 100 stone |
| 32:39 | Plan B · wall_segment Palisade Wall x1 |
| 32:42 | Plan B · wall_segment Palisade Wall x1 |
| 33:51 | Chaos · first_building Castle |
| 34:04 | mystic · age_up imperial |
| 34:13 | Chaos · wall_segment Palisade Wall x1 |
| 34:14 | Chaos · wall_segment Palisade Wall x1 |
| 34:16 | Chaos · wall_segment Palisade Wall x1 |
| 34:19 | Chaos · wall_segment Palisade Wall x1 |
| 34:21 | Chaos · wall_segment Palisade Wall x1 |
| 34:22 | Chaos · wall_segment Palisade Wall x1 |
| 34:45 | __wArDadDy · first_building Castle |
| 35:01 | Plan B · first_building Castle |
| 35:15 | mystic · first_building Siege Workshop |
| 35:35 | _SuLTaN_ · first_building Castle |
| 36:15 | Fore_Ruthless · first_building Castle |
| 37:44 | dst · wall_segment Palisade Wall x12 |
| 37:48 | dst · wall_segment Palisade Wall x12 |
| 38:07 | Fore_Ruthless · age_up imperial |
| 39:39 | mystic · first_building Castle |
| 40:13 | mystic · first_market_sell 100 food |
| 40:56 | dst · first_building Monastery |
| 41:08 | __wArDadDy · age_up imperial |
| 41:38 | dst · first_building Archery Range |
| 41:42 | Plan B · age_up imperial |
| 41:44 | FraGStaR · first_market_sell 100 wood |
| 41:47 | FraGStaR · first_market_buy 100 stone |
| 42:06 | Plan B · wall_segment Palisade Wall x6 |
| 42:36 | FraGStaR · first_building Castle |
| 43:49 | Chaos · age_up imperial |
| 44:21 | Fore_Ruthless · resign |
[ AI ANALYSIS · 1 CREDIT ]
What really happened in this match?
Wolo.gg analyzes every decision: build order, eco, micro, common mistakes by bracket. Personalized analysis on WhatsApp or Discord in 30 seconds.
Civ guide
Vikings
Perfil
Jugador #4126726